 Dungeon Crawl Stone Soup version 0.30-a0-241-g1121274140 (webtiles) character file.

Game seed: 6617275544464515907

544319 Iusername the Axe Maniac (level 24, -21/246 (249) HPs)
             Began as a Minotaur Fighter on Oct 10, 2022.
             Was a High Priest of Jiyva.
             Killed from afar by a Killer Klown (34 damage)
             ... with a klown pie
             ... on level 5 of the Realm of Zot.
             The game lasted 02:18:14 (53634 turns).

Iusername the Axe Maniac (Minotaur Fighter)        Turns: 53634, Time: 02:18:15

HP:   -21/246 (249) AC: 41    Str: 42    XL:     24   Next: 84%
MP:   31/31         EV: 17    Int:  1    God:    Jiyva [*****.]
Gold: 4757          SH:  4    Dex: 19    Spells: 23/23 levels left

rFire   + + +      SeeInvis .    O - +8 frozen axe "Frostbite" {freezing cloud, *Noise Fly rC+}
rCold   + . .      Faith    .    (shield currently unavailable)
rNeg    . . .      Spirit   .    E - +10 plate armour of Syndicalism {Dex+2}
rPois   +          Reflect  .    (helmet restricted)
rElec   .          Harm     .    l - +1 cloak
rCorr   +          Rampage  .    (gloves unavailable)
Will    +++..      Clarity  +    (no boots)
Stlth   ..........               w - amulet of Cetura {rPois Will+ Regen+ MP-9}
HPRegen 2.85/turn                b - ring of Okawaru's Anger {rF++ rC- MP+9 Str+6 Slay+3}
MPRegen 0.67/turn                B - ring "Qanost" {+Blink MP+9}

@: about to teleport, silenced, on berserk cooldown, flying, slowed,
constricted, lightly drained, very slow
A: horns 2, retaliatory headbutt, claws 3, talons 1, iridescent scales 3, large
bone plates 1, agile 2, clarity, cold resistance 1, dopey 1, fire resistance 1,
strong-willed 1, strong 2, wild magic 1, eyeballs 1, MP-powered wands
}: 3/15 runes: decaying, silver, gossamer
a: Renounce Religion, Evoke Blink


You were on level 5 of the Realm of Zot.
You worshipped Jiyva.
Jiyva was extremely pleased with you.
You visited 10 branches of the dungeon, and saw 52 of its levels.

You collected 4757 gold pieces.

Inventory:

Hand Weapons
 O - the +8 frozen axe "Frostbite" (weapon) {freezing cloud, *Noise Fly rC+}
   (You found it on level 3 of the Elven Halls)

   It freezes those it strikes, dealing additional cold damage.
   It can also slow down cold-blooded creatures.
   It occasionally leaves clouds of freezing vapour upon striking a foe.
   It grants immunity to clouds of freezing vapour.
   rC:        It protects you from cold.
   Fly:       It grants you flight.
   *Noise:    It may make noises in combat.
Missiles
 a - 6 javelins
Armour
 f - a scarf of repulsion
 l - a +1 cloak (worn)
 x - a +2 pair of gloves
 E - the +10 plate armour of Syndicalism (worn) {Dex+2}
   (You found it on level 13 of the Dungeon)

   Dex:       It affects your dexterity (+2).
Jewellery
 b - the ring of Okawaru's Anger (left claw) {rF++ rC- MP+9 Str+6 Slay+3}
   (You took it off a frost giant on level 2 of the Depths)

   [ring of strength]

   Str:       It affects your strength (+6).
   Slay:      It affects your accuracy & damage with ranged weapons and melee
   (+3).
   rF:        It greatly protects you from fire.
   rC:        It makes you vulnerable to cold.
   MP:        It affects your magic capacity (+9).
 w - the amulet of Cetura (around neck) {rPois Will+ Regen+ MP-9}
   (You took it off a deep elf zephyrmancer on level 2 of the Orcish Mines)

   [amulet of regeneration]

   rPois:     It protects you from poison.
   MP:        It affects your magic capacity (-9).
   Regen:     It increases your rate of health regeneration.
   Will:      It increases your willpower.
 B - the ring "Qanost" (right claw) {+Blink MP+9}
   (You found it on level 3 of the Elven Halls)

   [ring of magical power]

   MP:        It affects your magic capacity (+9).
   +Blink:    It lets you blink.
 H - a +4 ring of slaying
 P - the ring of the Tortoise {AC+8}
   (You found it on level 3 of the Elven Halls)

   [ring of protection]

   AC:        It affects your AC (+8).
 V - the ring "Adwin" {rN+ Dex+6}
   (You took it off a spriggan defender on level 3 of the Depths)

   [ring of positive energy]

   Dex:       It affects your dexterity (+6).
   rN:        It protects you from negative energy.
Wands
 d - a wand of iceblast (30) (quivered)
 n - a wand of quicksilver (13)
 p - a wand of charming (42)
 u - a wand of mindburst (6)
 y - a wand of flame (60)
Scrolls
 c - 4 scrolls of magic mapping
 e - 9 scrolls of teleportation
 g - 11 scrolls of fear
 q - 7 scrolls of amnesia
 r - a scroll of blinking
 z - a scroll of identify
 A - 10 scrolls of immolation
 J - 4 scrolls of poison
 L - 8 scrolls of butterflies
 R - 2 scrolls of brand weapon
 S - 2 scrolls of silence
 U - 2 scrolls of enchant weapon
Potions
 h - a potion of resistance
 i - 12 potions of ambrosia
 j - 5 potions of might
 k - 6 potions of heal wounds
 o - 14 potions of curing
 D - 5 potions of brilliance
 F - 5 potions of mutation
 G - 7 potions of attraction
 K - 3 potions of cancellation
 Q - 4 potions of lignification
 T - 2 potions of berserk rage
 Z - a potion of invisibility
Miscellaneous
 t - a tin of tremorstones (2/2)
 C - a condenser vane
 I - a phantom mirror
 M - a lightning rod (4/4)
 N - a box of beasts
 X - a phial of floods (inert)
 Y - a piece from Xom's chessboard (15/15)


   Skills:
 O Level 27 Fighting
 O Level 27 Axes
 + Level 11.1(20.7) Polearms
 + Level 0.8 Throwing
 O Level 27 Armour
 + Level 16.3 Dodging
 + Level 11.1 Stealth
 + Level 18.4 Shields
 + Level 8.3 Evocations


You had 23 spell levels left.
You didn't know any spells.
Your spell library contained the following spells:

 Spells                   Type           Power      Damage    Failure   Level
 Apportation              Tloc           0%         N/A       87%         1
 Beastly Appendage        Tmut           0%         N/A       87%         1
 Freeze                   Ice            0%         1d3       87%         1
 Kiss of Death            Conj/Necr      0%         2d5       87%         1
 Necrotise                Necr           0%         1d4       87%         1
 Sandblast                Erth           0%         2d4       87%         1
 Shock                    Conj/Air       0%         1d3       87%         1
 Sting                    Tmut/Pois      0%         1d3       87%         1
 Summon Small Mammal      Summ           0%         N/A       87%         1
 Blink                    Tloc           0%         N/A       95%         2
 Momentum Strike          Conj/Tloc      0%         3d8       95%         2
 Passwall                 Tmut/Erth      0%         N/A       95%         2
 Poisonous Vapours        Pois/Air       0%         N/A       95%         2
 Scorch                   Fire           0%         2d5       95%         2
 Sublimation of Blood     Necr           0%         N/A       95%         2
 Wereblood                Tmut           0%         N/A       95%         2
 Confusing Touch          Hex            0%         N/A       99%         3
 Dazzling Flash           Conj/Hex       0%         N/A       99%         3
 Frozen Ramparts          Ice            0%         1d1       99%         3
 Hailstorm                Conj/Ice       0%         3d3       99%         3
 Ignite Poison            Fire/Tmut/Pois 0%         N/A       99%         3
 Inner Flame              Hex/Fire       0%         N/A       99%         3
 Kindle Blastsparks       Fire/Tloc/Air  0%         2d10      99%         3
 Lesser Beckoning         Tloc           0%         N/A       99%         3
 Spider Form              Tmut/Pois      0%         N/A       99%         3
 Stone Arrow              Conj/Erth      0%         3d7       99%         3
 Swiftness                Air            0%         N/A       99%         3
 Teleport Other           Tloc           0%         N/A       99%         3
 Tukima's Dance           Hex            0%         N/A       99%         3
 Airstrike                Air            0%         2d(0-16)  100%        4
 Anguish                  Hex/Necr       0%         N/A       100%        4
 Cause Fear               Hex            0%         N/A       100%        4
 Dispel Undead            Necr           0%         3d6       100%        4
 Flame Wave               Conj/Fire      0%         2d4       100%        4
 Ice Form                 Ice/Tmut       0%         N/A       100%        4
 Iskenderun's Mystic Bla  Conj/Tloc      0%         2d3       100%        4
 Leda's Liquefaction      Hex/Erth       0%         N/A       100%        4
 Manifold Assault         Tloc           0%         N/A       100%        4
 Olgreb's Toxic Radiance  Pois           0%         N/A       100%        4
 Passage of Golubria      Tloc           0%         N/A       100%        4
 Petrify                  Tmut/Erth      0%         N/A       100%        4
 Summon Lightning Spire   Summ/Air       0%         N/A       100%        4
 Alistair's Intoxication  Tmut/Pois      0%         N/A       100%        5
 Blade Hands              Tmut           0%         N/A       100%        5
 Freezing Cloud           Conj/Ice/Air   0%         6-21      100%        5
 Irradiate                Conj/Tmut      0%         3d11      100%        5
 Iskenderun's Battlesphe  Conj           0%         2d6       100%        5
 Lee's Rapid Deconstruct  Erth           0%         3d5*      100%        5
 Lightning Bolt           Conj/Air       0%         1d11      100%        5
 Metabolic Englaciation   Hex/Ice        0%         N/A       100%        5
 Yara's Violent Unravell  Hex/Tmut       0%         3d3       100%        5
 Conjure Ball Lightning   Conj/Air       0%         3x3d6     100%        6
 Iron Shot                Conj/Erth      0%         9d1       100%        6
 Simulacrum               Ice/Necr       0%         N/A       100%        6
 Starburst                Conj/Fire      0%         6d3       100%        6
 Statue Form              Tmut/Erth      0%         N/A       100%        6
 Summon Cactus Giant      Summ           0%         N/A       100%        6
 Dragon Form              Tmut           0%         N/A       100%        7
 Haunt                    Necr/Summ      0%         N/A       100%        7
 Malign Gateway           Summ/Tloc      0%         N/A       100%        7
 Spellforged Servitor     Conj/Summ      0%         N/A       100%        7
 Storm Form               Tmut/Air       0%         N/A       100%        7
 Discord                  Hex            0%         N/A       100%        8
 Disjunction              Tloc           0%         N/A       100%        8
 Lehudib's Crystal Spear  Conj/Erth      0%         10d2      100%        8
 Maxwell's Capacitive Co  Air            0%         ∞         100%        8
 Necromutation            Tmut/Necr      0%         N/A       100%        8
 Summon Horrible Things   Summ           0%         N/A       100%        8
 Polar Vortex             Ice            0%         N/A       100%        9


Dungeon Overview and Level Annotations

Branches:
Dungeon (15/15)            Temple (0/1) D:4            Lair (5/5) D:9
  Swamp (4/4) Lair:2       Spider (4/4) Lair:3        Slime (5/5) Lair:4
    Orc (2/2) D:10            Elf (3/3) Orc:2        Vaults (5/5) D:13
  Crypt (0/3) Vaults:2     Depths (4/4) D:15            Zot (5/5) Depths:4

Altars:
Kikubaaqudgha
Makhleb
Trog
Uskayaw
Vehumet
Yredelemnul
The Shining One
Jiyva

Shops:
D:11 =   Orc:2 *?[   Vaults:1 =*?   Vaults:2 **(?*   Vaults:3 (   Vaults:4 *
Depths:1 *

Portals:
Hell: Depths:1 Depths:2 Depths:3 Depths:4
Abyss: Depths:3 Depths:4
Pandemonium: Depths:1 Depths:4
Ziggurat: Depths:3
Trove: Vaults:3 (lose all piety)

Annotations:
Slime:4 Dissolution
Zot:3 2 transporters, Dawneret's ghost, master GnFi
Zot:4 2 runed translucent doors, Lobster4's ghost, legendary GrEE
Zot:5 exclusion: orange crystal statue


Innate Abilities, Weirdness & Mutations

You have a pair of horns on your head.
You reflexively headbutt those who attack you in melee.
You have claws for hands.
You have sharp toenails.
You are completely covered in iridescent scales. (AC +6)
You are partially covered in large bone plates. (SH +4)
You are very agile. (Dex +8, Str/Int -2)
You possess an exceptional clarity of mind.
Your flesh is cold resistant. (rC+)
You are dopey. (Int -2)
Your flesh is heat resistant. (rF+)
You are strong-willed. (Will+)
Your muscles are very strong. (Str +8, Int/Dex -2)
Your spells are a little harder to cast, but a little more powerful.
Your body has grown eyes which may confuse attackers. (Acc +3)
You expend magic power (3 MP) to strengthen your wands.


Message History

The Orb Guardian is engulfed in poison gas.
The Orb Guardian looks as sick as possible!
The Orb Guardian is engulfed in poison gas.
The Orb Guardian looks as sick as possible!
The Killer Klown is engulfed in poison gas.
The Killer Klown is poisoned.
The Killer Klown blinks!
The Orb Guardian is engulfed in poison gas.
The Orb Guardian looks as sick as possible!
The Orb Guardian hits you!!
* * * LOW HITPOINT WARNING * * *
The tentacled monstrosity completely misses you.
The tentacled monstrosity tentacle-slaps you but does no damage. x2
The tentacled monstrosity grabs you.
The tentacled monstrosity constricts you.
* * * LOW HITPOINT WARNING * * *
The purple draconian is engulfed in poison gas.
The purple draconian looks even sicker.
The golden dragon closely misses you.
The golden dragon completely misses you.
The golden dragon tramples you but does no damage.
As you read the scroll of summoning, it crumbles to dust.
Wisps of shadow whirl around you...
The Orb Guardian is engulfed in poison gas.
The Orb Guardian looks as sick as possible!
The Orb Guardian hits you!!
* * * LOW HITPOINT WARNING * * *
The Orb Guardian is engulfed in poison gas.
The Orb Guardian looks as sick as possible!
The Orb Guardian hits you but does no damage.
The Orb Guardian is engulfed in poison gas.
The Orb Guardian is poisoned.
The Orb Guardian is engulfed in poison gas.
The Orb Guardian looks as sick as possible!
The Orb Guardian is engulfed in poison gas.
The Orb Guardian looks as sick as possible!
The Orb Guardian closely misses you.
The Killer Klown is engulfed in poison gas.
The Killer Klown looks even sicker.
The Killer Klown pies you viciously! The klown pie hits you!!
Blueberry!
An unnatural silence engulfs you.
You die...

#######▓▓▓▓################▓▓▓▓
......# ##......^.......##
.....## ##................##
.....# ##..................##
....## #§§§☼p§§§§§..........#
....# #☼§☼§§☼☼§§§§.........#
....## #§§§§§§§☼§d☼.^..†....#
.....# #.§.☼§§§DX☼§......^..#
.....## #§§§§§DX@XX§.).......#
......###§☼§§§§dDXy☼.........#
####...###☼.§§d§X§§.........##
##....##^..^§.§§§.......##
###..§§.§§§§§.☼☼......##
#▓▓▓▓▓▓▓▓▓▓▓##^...8▓▓ ........
......^.. .........


You could see a Killer Klown (very poisoned), a tentacled monstrosity (summoned,
berserk), a golden dragon (berserk, unsilenced), a purple draconian (summoned,
unsilenced, very poisoned, ally target), 5 Orb Guardians, a moth of wrath
(summoned, extremely poisoned), a friendly golden dragon (summoned), 2 friendly
draconians and a friendly quicksilver dragon (summoned, unsilenced).

Vanquished Creatures
  A dread lich (Zot:5)
  4 orbs of fire (Zot:5)
  2 ancient liches (Zot:5)
  Mennas (Vaults:3)
  A juggernaut (Depths:2)
  2 Killer Klowns (Zot:5)
  2 curse toes
  2 caustic shrikes (Depths:3)
  Nikola (Elf:3)
  12 golden dragons
  A bone dragon (Depths:4)
  Arachne (Spider:2)
  20 tentacled monstrosities
  4 hellephants (Depths:2)
  Mlioglotl (Swamp:1)
  An electric golem (Zot:5)
  14 Orb Guardians (Zot:5)
  8 titans
  2 deep elf blademasters (Elf:3)
  8 quicksilver dragons
  6 liches
  4 deep elf master archers (Elf:3)
  4 sphinxes
  Agnes (Spider:4)
  9 storm dragons
  3 death cobs
  Donald (Swamp:1)
  5 draconian monks
  Roxanne (Spider:4)
  2 thorn hunters (Swamp:4)
  10 tengu reavers
  5 fenstrider witches
  7 shadow dragons
  5 draconian knights
  7 fire giants
  5 frost giants
  5 deep elf sorcerers
  15 vault wardens
  3 spectral caustic shrikes (Depths:3)
  An emperor scorpion (Spider:2)
  4 iron dragons
  2 deep elf elementalists
  Louise (Spider:4)
  5 draconian scorchers
  A cacodemon (Depths:1)
  3 ghost moths
  4 draconian stormcallers
  2 draconian shifters
  7 draconian annihilators
  A spriggan defender (Depths:3)
  34 very ugly things
  16 stone giants
  2 orc warlords
  15 ironbound preservers
  5 war gargoyles
  6 ironbound thunderhulks
  3 broodmothers
  4 vampire knights
  2 deep elf demonologists (Elf:3)
  6 eleionomae
  4 bunyips
  10 red draconians
  8 black draconians
  13 white draconians
  7 yellow draconians
  6 deep elf annihilators
  10 purple draconians
  14 green draconians
  6 spark wasps
  16 dire elephants
  A crystal guardian (Vaults:4)
  14 ettins
  Josephine (D:13)
  2 jiangshi (Depths:4)
  6 deep elf death magi
  2 green deaths (Swamp:4)
  7 entropy weavers
  7 fire dragons
  9 deep elf high priests
  9 yaktaur captains
  A shambling mangrove (Swamp:4)
  Fannar (Orc:1)
  10 ice dragons
  9 hydras
  A peacekeeper (Vaults:4)
  The ghost of heikuro the Spear-Bearer, a journeyman FoFi of Lugonu (D:12)
  35 vault guards
  2 ghost crabs
  3 rakshasas (Depths:3)
  6 spriggan air magi
  8 centaur warriors
  5 ogre magi
  7 radroaches
  4 ironbound frosthearts
  3 jorogumos (Spider:4)
  9 alligators
  6 two-headed ogres
  5 boulder beetles
  A catoblepas (Lair:5)
  16 death yaks
  22 dancing weapons
  3 vampire magi
  5 deep troll earth magi
  8 deep troll shamans
  3 orc high priests (Orc:2)
  A tengu warrior (D:15)
  4 spriggan berserkers
  8 hell hogs (Depths:2)
  A sun demon (Depths:1)
  7 hell knights
  19 deep elf knights
  A soul eater (Swamp:4)
  5 iron trolls (Depths:1)
  2 pharaoh ants
  27 deep trolls
  4 goliath frogs
  11 skeletal warriors
  3 spriggan druids
  5 steelbarb worms
  9 orb spiders
  2 bog bodies
  7 swamp dragons
  2 flayed ghosts
  12 deep elf archers
  13 wizards
  3 phantasmal warriors
  19 ironbound convokers
  A tengu zombie (D:15)
  A sphinx zombie (D:15)
  11 orc knights
  15 lindwurms
  29 deep elf zephyrmancers
  A harpy (Vaults:2)
  A shadow dragon skeleton (D:15)
  2 necromancers
  39 deep elf pyromancers
  11 wolf spiders
  3 orc sorcerers
  34 ugly things
  4 manticores
  A stone giant zombie (Vaults:3)
  6 cyclopes
  7 will-o-the-wisps
  34 moths of wrath
  16 vault sentinels
  Maurice (D:9)
  A black mamba (shapeshifter) (Elf:2)
  13 elephants
  A smoke demon (Depths:1)
  2 black mambas
  A gargoyle (D:13)
  5 torpor snails
  2 kobold demonologists
  Psyche (D:11)
  8 cane toads
  8 demonic crawlers
  14 komodo dragons
  27 yaktaurs
  An efreet (D:15)
  2 tengu conjurers
  A red devil (Depths:1)
  2 hellwings (Swamp:4)
  A queen bee (Spider:2)
  7 trolls
  A bloated husk (Swamp:1)
  4 meliai (Spider:2)
  12 hornets
  5 tyrant leeches
  5 polar bears
  10 blink frogs
  22 tarantellas
  10 dream sheep
  27 jumping spiders
  2 elf skeletons (Vaults:3)
  3 air elementals
  An ettin skeleton (Vaults:3)
  3 shadows
  A culicivora (shapeshifter) (D:14)
  14 culicivoras
  13 spriggans
  5 wyverns
  11 water elementals
  2 vampires
  59 yaks
  6 wraiths
  2 basilisks
  2 neqoxecs (Swamp:4)
  18 vampire mosquitoes
  A fire elemental (Elf:3)
  2 steam dragons
  31 redbacks
  A chaos spawn (Depths:1)
  5 wargs
  16 swamp worms
  10 water moccasins
  5 swamp drakes
  24 orc warriors
  7 ogres
  2 ice beasts (D:6)
  A black bear (D:5)
  A boggart (Elf:1)
  15 wolves
  8 centaurs
  2 phantoms (D:4)
  2 kobold brigands
  9 bullfrogs
  A human zombie (Vaults:3)
  A necrophage (D:4)
  9 scorpions
  A gnoll sergeant (D:6)
  4 earth elementals
  18 wights
  A hornet simulacrum (D:15)
  35 killer bees
  2 howler monkeys (D:11)
  A hound (D:3)
  4 jellies
  31 orc priests
  Crazy Yiuf (D:2)
  A gnoll bouda (D:7)
  An iguana (D:4)
  31 orc wizards
  9 hell rats
  8 gnolls (D:6)
  5 adders
  A shadow imp (D:7)
  2 white imps
  An ufetubus (Vaults:4)
  3 worms
  A dart slug (D:2)
  68 orcs
  3 bats
  8 endoplasms
  9 giant cockroaches
  11 goblins
  7 hobgoblins
  2 jackals (D:4)
  17 kobolds
  3 quokkas
  6 ball pythons
  4 frilled lizards
  6 rats
  3 briar patches (Swamp:4)
  A bush (Lair:5)
1815 creatures vanquished.

Vanquished Creatures (collateral kills)
  A deep elf death mage (Vaults:5)
  A jorogumo (Spider:4)
  A death yak (Lair:4)
  A sixfirhy (Swamp:4)
  2 orb spiders
  A tengu zombie (D:15)
  A necromancer (D:15)
  An orc wizard (D:7)
  An orc (D:7)
10 creatures vanquished.

Vanquished Creatures (others)
  An acid blob (Zot:3)
  An azure jelly (Zot:1)
  A draconian knight (Zot:3)
  A ghost moth (Spider:4)
  A draconian stormcaller (Zot:1)
  A quicksilver ooze (shapeshifter) (Vaults:5)
  3 great orbs of eyes (Vaults:3)
  A deep elf high priest (Vaults:5)
  A rakshasa (Depths:3)
  A glowing orange brain (Depths:3)
  An ironbound frostheart (Vaults:2)
  An orc high priest (Orc:2)
  A shock serpent (shapeshifter) (Depths:3)
  2 ironbound convokers (Vaults:2)
  A deep elf pyromancer (Elf:3)
  A moth of wrath (shapeshifter) (Elf:2)
  2 will-o-the-wisps
  A moth of wrath (Zot:5)
  A black mamba (shapeshifter) (Depths:3)
  3 vault sentinels (Vaults:2)
  A yaktaur (shapeshifter) (Depths:2)
  A tarantella (shapeshifter) (Vaults:5)
  A tarantella (Spider:4)
  A hornet (Swamp:4)
  15 slime creatures
  A jumping spider (shapeshifter) (Vaults:5)
  A floating eye (Depths:4)
  A culicivora (shapeshifter) (Depths:3)
  A spriggan (Swamp:4)
  A swamp worm (shapeshifter) (Vaults:5)
  A wolf (Lair:4)
  209 jellies
  3 orc priests (Orc:2)
  2 orc wizards
  8 orcs
  A jackal (shapeshifter) (Depths:4)
  A briar patch (Swamp:4)
  36 foxfires
  32 fungi
  36 plants
  13 withered plants (D:15)
392 creatures vanquished.

Grand Total: 2217 creatures vanquished

Notes
Turn   | Place    | Note
-------+----------+-------------------------------------------
     0 | D:1      | Iusername the Minotaur Fighter began the quest for the Orb.
     0 | D:1      | Reached XP level 1. HP: 19/19 MP: 0/0
   156 | D:1      | Reached XP level 2. HP: 23/27 MP: 1/1
   188 | D:1      | Found a faded altar of an unknown god.
   739 | D:2      | Reached XP level 3. HP: 33/33 MP: 2/2
  1343 | D:2      | Found a runed translucent door.
  1344 | D:2      | Noticed Crazy Yiuf
  1357 | D:2      | Killed Crazy Yiuf
  1358 | D:2      | Reached XP level 4. HP: 39/40 MP: 0/3
  1515 | D:3      | Reached XP level 5. HP: 47/47 MP: 4/4
  2387 | D:4      | Reached skill level 5 in Polearms
  2387 | D:4      | Reached skill level 1 in Dodging
  2730 | D:4      | Noticed a phantom
  2737 | D:4      | Noticed a phantom
  2738 | D:4      | Killed a phantom
  2739 | D:4      | Reached XP level 6. HP: 52/53 MP: 5/5
  2749 | D:4      | Reached skill level 5 in Armour
  2837 | D:4      | Found a staircase to the Ecumenical Temple.
  2883 | D:4      | Reached skill level 5 in Shields
  2883 | D:4      | Reached XP level 7. HP: 42/60 MP: 6/6
  3000 | D:5      | Entered Level 5 of the Dungeon
  3030 | D:5      | Reached skill level 5 in Fighting
  3178 | D:5      | Found Kuiziat's Antique Armour Shop.
  3691 | D:6      | Noticed a steam dragon
  3708 | D:6      | Killed a steam dragon
  3709 | D:6      | Reached XP level 8. HP: 37/70 MP: 7/7
  4873 | D:6      | Reached XP level 9. HP: 67/78 MP: 8/8
  5341 | D:7      | Reached skill level 10 in Polearms
  5772 | D:7      | Noticed a cyclops
  5780 | D:7      | Killed a cyclops
  5811 | D:7      | Reached skill level 1 in Stealth
  5907 | D:7      | Found a hide-covered altar of Uskayaw.
  6595 | D:8      | Reached skill level 5 in Dodging
  6633 | D:8      | Reached skill level 1 in Axes
  6647 | D:8      | Reached XP level 10. HP: 80/82 MP: 9/9
  6670 | D:8      | Reached skill level 5 in Axes
  7240 | D:9      | Reached skill level 10 in Axes
  7345 | D:9      | Got the Precepts of Transmutation and Firn
  7375 | D:9      | Noticed Maurice
  7380 | D:9      | Killed Maurice
  7534 | D:9      | Noticed a two-headed ogre
  7536 | D:9      | Killed a two-headed ogre
  7537 | D:9      | Reached XP level 11. HP: 88/95 MP: 10/10
  7847 | D:9      | Found a staircase to the Lair.
  8014 | D:9      | Identified the +1 scale mail "Doivecez" {Fly rF+}
  8201 | D:10     | Entered Level 10 of the Dungeon
  8268 | D:10     | Found a staircase to the Orcish Mines.
  8936 | D:10     | Reached skill level 10 in Armour
  9218 | Lair:1   | Entered Level 1 of the Lair of Beasts
  9277 | Lair:1   | Reached skill level 15 in Axes
 10134 | Lair:2   | Found a staircase to the Swamp.
 10142 | Lair:2   | Reached skill level 10 in Fighting
 10706 | Lair:2   | Found a dark tunnel.
 10711 | Lair:2   | Reached XP level 12. HP: 106/106 MP: 11/11
 10899 | Lair:2   | Identified a scroll of acquirement
 10899 | Lair:2   | Acquired a manual of Armour
 11004 | Lair:3   | Noticed a six-headed hydra
 11009 | Lair:3   | Killed a ten-headed hydra
 11053 | Lair:3   | Found a hole to the Spider Nest.
 11952 | Lair:4   | Noticed a death yak
 11953 | Lair:4   | Noticed a death yak
 11953 | Lair:4   | Noticed a death yak
 11965 | Lair:4   | Killed a death yak
 11969 | Lair:4   | Killed a death yak
 11972 | Lair:4   | Killed a death yak
 12088 | Lair:4   | Reached XP level 13. HP: 118/119 MP: 12/12
 12364 | Lair:4   | Found a viscous altar of Jiyva.
 12386 | Lair:4   | Found a staircase to the Slime Pits.
 12443 | Lair:4   | Became a worshipper of Jiyva Jurraihu the Shapeless
 12764 | Lair:4   | Reached * piety under Jiyva
 12875 | Slime:1  | Entered Level 1 of the Pits of Slime
 12875 | Slime:1  | Noticed a quicksilver ooze
 12880 | Slime:2  | Noticed a rockslime
 12895 | Slime:2  | Noticed a rockslime
 12912 | Slime:4  | Noticed an acid blob
 12952 | Slime:4  | Noticed a quicksilver ooze
 12988 | Slime:4  | Noticed Dissolution
 12990 | Slime:4  | Noticed a rockslime
 12990 | Slime:4  | Noticed an acid blob
 13016 | Slime:5  | Entered Level 5 of the Pits of Slime
 13026 | Slime:5  | Noticed an acid blob
 13032 | Slime:5  | Noticed an azure jelly
 13034 | Slime:5  | Noticed a quicksilver ooze
 13037 | Slime:5  | Noticed an azure jelly
 13041 | Slime:5  | Found a viscous altar of Jiyva.
 13047 | Slime:5  | Noticed a rockslime
 13058 | Slime:5  | Noticed a quicksilver ooze
 13069 | Slime:5  | Noticed an azure jelly
 13072 | Slime:5  | Noticed an acid blob
 13087 | Slime:5  | Noticed a rockslime
 13087 | Slime:5  | Noticed an acid blob
 13116 | Slime:5  | Noticed an acid blob
 13121 | Slime:5  | Noticed an acid blob
 13132 | Slime:5  | Noticed an acid blob
 13136 | Slime:5  | Noticed an acid blob
 13195 | Slime:5  | Noticed an acid blob
 13211 | Slime:4  | Noticed an acid blob
 13212 | Slime:4  | Noticed a rockslime
 13219 | Slime:4  | Noticed a rockslime
 13235 | Slime:3  | Noticed a rockslime
 13341 | Slime:1  | Noticed a rockslime
 13352 | Slime:1  | Noticed an acid blob
 13413 | Lair:5   | Entered Level 5 of the Lair of Beasts
 13571 | Lair:5   | Identified the +1 chain mail of Wisdom {Str+6}
 13757 | Lair:5   | Reached skill level 1 in Evocations
 13990 | Lair:5   | Reached ** piety under Jiyva
 14235 | Lair:5   | Reached XP level 14. HP: 131/132 MP: 13/13
 14692 | D:11     | Noticed Psyche
 14704 | D:11     | Killed Psyche
 15139 | D:11     | Found Osoy's Jewellery Emporium.
 15955 | D:12     | Found a radiant altar of Vehumet.
 15956 | D:12     | Reached *** piety under Jiyva
 16040 | D:12     | Reached skill level 15 in Armour
 16214 | D:12     | Found a runed translucent gate.
 16216 | D:12     | Found a runed translucent gate.
 16216 | D:12     | Found a runed translucent gate.
 16217 | D:12     | Noticed heikuro's ghost (journeyman FoFi)
 16220 | D:12     | Identified the +6 plate armour of Rationality {Will+ Int+8
                  | Stlth-}
 16227 | D:12     | Identified the +2 ring mail "Iperiwebeni" {rC+ rN+ SInv}
 16298 | D:12     | Killed heikuro's ghost
 16429 | D:12     | Reached skill level 15 in Fighting
 17012 | D:13     | Found a burning altar of Makhleb.
 17019 | D:13     | Identified the +4 whip of Bloodstone {elec, *Corrode rF++
                  | Int+5}
 17091 | D:13     | Gained mutation: You are agile. (Dex +4, Str/Int -1)
                  | [Jiyva's grace]
 17091 | D:13     | Gained mutation: You are very agile. (Dex +8, Str/Int -2)
                  | [Jiyva's grace]
 17091 | D:13     | Gained mutation: Your muscles are strong. (Str +4, Int/Dex
                  | -1) [Jiyva's grace]
 17091 | D:13     | Gained mutation: Your muscles are very strong. (Str +8,
                  | Int/Dex -2) [Jiyva's grace]
 17095 | D:13     | Reached **** piety under Jiyva
 17172 | D:13     | Noticed Josephine
 17181 | D:13     | Killed Josephine
 17380 | D:13     | Found a gate to the Vaults.
 17593 | D:13     | Identified the +10 plate armour of Syndicalism {Dex+2}
 17905 | D:14     | Reached ***** piety under Jiyva
 18087 | D:14     | Reached XP level 15. HP: 145/145 MP: 14/14
 18243 | D:14     | Found an ancient bone altar of Kikubaaqudgha.
 18619 | D:15     | Entered Level 15 of the Dungeon
 18698 | D:15     | Found a staircase to the Depths.
 18946 | D:15     | Lost mutation: You are very agile. (Dex +8, Str/Int -2)
                  | [Jiyva's grace]
 18946 | D:15     | Lost mutation: Your muscles are very strong. (Str +8,
                  | Int/Dex -2) [Jiyva's grace]
 18946 | D:15     | Lost mutation: Your muscles are strong. (Str +4, Int/Dex
                  | -1) [Jiyva's grace]
 18946 | D:15     | Gained mutation: You expend magic power (3 MP) to
                  | strengthen your wands. [Jiyva's grace]
 18946 | D:15     | Gained mutation: Your spells are a little harder to cast,
                  | but a little more powerful. [Jiyva's grace]
 18946 | D:15     | Gained mutation: Your spells are harder to cast, but more
                  | powerful. [Jiyva's grace]
 18946 | D:15     | Gained mutation: Your spells are much harder to cast, but
                  | much more powerful. [Jiyva's grace]
 19602 | Orc:1    | Entered Level 1 of the Orcish Mines
 19651 | Orc:1    | Noticed Fannar
 19662 | Orc:1    | Killed Fannar
 19890 | Orc:2    | Entered Level 2 of the Orcish Mines
 19978 | Orc:2    | Reached ****** piety under Jiyva
 20172 | Orc:2    | Found Wajyom's Weapon Shoppe.
 20172 | Orc:2    | Found Ynwant's General Store.
 20178 | Orc:2    | Found Tihuov's Antique Armour Emporium.
 20185 | Orc:2    | Found Afekuopt's Magic Scroll Emporium.
 20251 | Orc:2    | Identified the amulet of Cetura {rPois Will+ Regen+ MP-9}
 20416 | Orc:2    | Found a burning altar of Makhleb.
 20485 | Orc:2    | Found a staircase to the Elven Halls.
 20502 | Orc:2    | Lost mutation: Your spells are much harder to cast, but
                  | much more powerful. [Jiyva's grace]
 20502 | Orc:2    | Lost mutation: You expend magic power (3 MP) to strengthen
                  | your wands. [Jiyva's grace]
 20502 | Orc:2    | Gained mutation: You expend magic power (3 MP) to
                  | strengthen your wands. [Jiyva's grace]
 20502 | Orc:2    | Gained mutation: You are strong-willed. (Will+) [Jiyva's
                  | grace]
 20502 | Orc:2    | Gained mutation: You are highly strong-willed. (Will++)
                  | [Jiyva's grace]
 20502 | Orc:2    | Gained mutation: You are extremely strong-willed. (Will+++)
                  | [Jiyva's grace]
 20966 | Swamp:1  | Entered Level 1 of the Swamp
 21015 | Swamp:1  | Noticed Donald
 21025 | Swamp:1  | Killed Donald
 21307 | Swamp:1  | an eleionoma changed into an acid blob
 21307 | Swamp:1  | Noticed an acid blob
 21552 | Swamp:1  | Noticed Mlioglotl
 21568 | Swamp:1  | Killed Mlioglotl
 21969 | Swamp:1  | Noticed a fenstrider witch
 21976 | Swamp:1  | Killed a fenstrider witch
 21987 | Swamp:1  | a tyrant leech changed into an azure jelly
 21987 | Swamp:1  | Noticed an azure jelly
 22622 | Swamp:2  | You fall into a shaft and drop 1 floor!
 22640 | Swamp:3  | Reached XP level 16. HP: 157/157 MP: 15/15
 22896 | Swamp:3  | Identified the +4 dire flail "Toloul" {antimagic, rC+ Will-
                  | Str+3}
 23301 | Swamp:2  | Lost mutation: Your spells are harder to cast, but more
                  | powerful. [Jiyva's grace]
 23301 | Swamp:2  | Gained mutation: You are partially covered in iridescent
                  | scales. (AC +2) [Jiyva's grace]
 23301 | Swamp:2  | Gained mutation: You are mostly covered in iridescent
                  | scales. (AC +4) [Jiyva's grace]
 23301 | Swamp:2  | Gained mutation: You are completely covered in iridescent
                  | scales. (AC +6) [Jiyva's grace]
 23301 | Swamp:2  | Gained mutation: You have large cloven feet. [Jiyva's
                  | grace]
 23724 | Swamp:3  | Noticed Bai Suzhen
 23730 | Swamp:3  | Slimified Bai Suzhen
 23730 | Swamp:3  | Bai Suzhen changed into Bai Suzhen the acid blob
 23730 | Swamp:3  | Noticed Bai Suzhen
 24137 | Swamp:4  | Entered Level 4 of the Swamp
 24137 | Swamp:4  | Noticed a thorn hunter
 24374 | Swamp:4  | Killed a thorn hunter
 24861 | Swamp:4  | HP: 8/160 [poison (poison gas)]
 25061 | Swamp:4  | Noticed a tentacled monstrosity
 25068 | Swamp:4  | Killed a tentacled monstrosity
 25109 | Swamp:4  | Noticed a thorn hunter
 25121 | Swamp:4  | Killed a thorn hunter
 25343 | Swamp:4  | Got a decaying rune of Zot
 25402 | Swamp:4  | Identified the +0 scale mail of Gestures {+Blink rF+++
                  | Str-3 Dex-4}
 25780 | Spider:1 | Entered Level 1 of the Spider Nest
 26106 | Spider:1 | Reached XP level 17. HP: 170/170 MP: 16/16
 26608 | Spider:2 | Lost mutation: You are completely covered in iridescent
                  | scales. (AC +6) [Jiyva's grace]
 26608 | Spider:2 | Lost mutation: You are agile. (Dex +4, Str/Int -1) [Jiyva's
                  | grace]
 26608 | Spider:2 | Lost mutation: You are extremely strong-willed. (Will+++)
                  | [Jiyva's grace]
 26608 | Spider:2 | Gained mutation: You have hidden genetic potential.
                  | [Jiyva's grace]
 26608 | Spider:2 | Gained mutation: You have great hidden genetic potential.
                  | [Jiyva's grace]
 26608 | Spider:2 | Gained mutation: You are covered in fur. (AC +1) [Jiyva's
                  | grace]
 26608 | Spider:2 | Gained mutation: You are covered in thick fur. (AC +2)
                  | [Jiyva's grace]
 26812 | Spider:2 | Noticed Arachne
 26826 | Spider:2 | Killed Arachne
 27377 | Spider:3 | Identified the +1 scale mail of the Fiend {rF+ Dex+2}
 27981 | Spider:4 | Entered Level 4 of the Spider Nest
 27981 | Spider:4 | Noticed Agnes
 27996 | Spider:4 | Killed Agnes
 28856 | Spider:4 | Noticed Louise
 28866 | Spider:4 | Killed Louise
 28895 | Spider:4 | Identified Roxanne's Lessons on Evolution
 28895 | Spider:4 | Noticed Roxanne
 29423 | Spider:4 | Reached XP level 18. HP: 184/184 MP: 8/17
 29437 | Spider:4 | Lost mutation: You are highly strong-willed. (Will++)
                  | [Jiyva's grace]
 29437 | Spider:4 | Lost mutation: You have great hidden genetic potential.
                  | [Jiyva's grace]
 29437 | Spider:4 | Lost mutation: You have hidden genetic potential. [Jiyva's
                  | grace]
 29437 | Spider:4 | Gained mutation: Your movements are slightly less
                  | encumbered by armour. (ER -2) [Jiyva's grace]
 29437 | Spider:4 | Gained mutation: Your movements are less encumbered by
                  | armour. (ER -4) [Jiyva's grace]
 29437 | Spider:4 | Gained mutation: Your movements are significantly less
                  | encumbered by armour. (ER -6) [Jiyva's grace]
 29437 | Spider:4 | Gained mutation: Your thick and shaggy fur keeps you warm.
                  | (AC +3, rC+) [Jiyva's grace]
 29680 | Spider:4 | Got a gossamer rune of Zot
 29986 | Spider:4 | Killed Roxanne
 30651 | Elf:1    | Entered Level 1 of the Elven Halls
 30653 | Elf:1    | Paralysed by an air elemental for 1 turns
 30812 | Elf:1    | Identified the +8 mace "Jousch" {pain, Fly rPois}
 31201 | Elf:1    | Paralysed by an air elemental for 1 turns
 31728 | Elf:2    | Identified the +8 hand axe "Xisal" {vorpal, Will+}
 32063 | Elf:2    | Found a huge runed translucent gate.
 32063 | Elf:2    | Found a huge runed translucent gate.
 32063 | Elf:2    | Found a huge runed translucent gate.
 32063 | Elf:2    | Found a huge runed translucent gate.
 32064 | Elf:2    | Found a huge runed translucent gate.
 32668 | Elf:3    | Entered Level 3 of the Elven Halls
 32669 | Elf:3    | Noticed Nikola
 32681 | Elf:3    | Killed Nikola
 32694 | Elf:3    | Found the +8 orange crystal plate armour {Archmagi, Int+3
                  | Clar}
 32709 | Elf:3    | Lost mutation: Your thick and shaggy fur keeps you warm.
                  | (AC +3, rC+) [Jiyva's grace]
 32709 | Elf:3    | Lost mutation: You are covered in thick fur. (AC +2)
                  | [Jiyva's grace]
 32709 | Elf:3    | Lost mutation: Your movements are significantly less
                  | encumbered by armour. (ER -6) [Jiyva's grace]
 32709 | Elf:3    | Gained mutation: You have a pair of large horns on your
                  | head. [Jiyva's grace]
 32709 | Elf:3    | Gained mutation: You are agile. (Dex +4, Str/Int -1)
                  | [Jiyva's grace]
 32709 | Elf:3    | Gained mutation: You are very agile. (Dex +8, Str/Int -2)
                  | [Jiyva's grace]
 32709 | Elf:3    | Gained mutation: Your body has grown eyes which may confuse
                  | attackers. (Acc +3) [Jiyva's grace]
 32997 | Elf:3    | Noticed a Hell Sentinel
 33015 | Elf:3    | Noticed an Ice Fiend
 33020 | Elf:3    | Reached XP level 19. HP: 127/195 MP: 9/18
 33025 | Elf:3    | Noticed a Tzitzimitl
 33227 | Elf:3    | Found the +8 frozen axe "Frostbite" {freezing cloud, *Noise
                  | Fly rC+}
 33239 | Elf:3    | Found the ring of the Tortoise {AC+8}
 33268 | Elf:3    | Identified the +1 sling of the Growing Seeker {vorpal,
                  | rElec rF+ rC- Str+4}
 33271 | Elf:3    | Identified the +7 flail "Ocwulil" {spect, rF- rN+++ Dex+10
                  | Stlth-}
 33278 | Elf:3    | Identified the +7 shortbow of Lies {freeze, +Blink rElec
                  | rC- Str+5}
 33280 | Elf:3    | Identified the +0 pair of boots "Forget-Me-Not" {rCorr
                  | Dex+4}
 33286 | Elf:3    | Identified the ring "Qanost" {+Blink MP+9}
 33292 | Elf:3    | Identified the +1 pair of boots of Xizxalas {Regen+ MP+9
                  | Int-3}
 33298 | Elf:3    | Got Wakkol's Compilation of Imprecation
 33301 | Elf:3    | Identified the +1 chain mail of Ocvyix {Int+8}
 33372 | Elf:3    | Identified the +0 scale mail of Duoziexi {rF- Int+2 Stlth+}
 33377 | Elf:3    | Got the Secrets of the Grave
 34409 | Depths:1 | Entered Level 1 of the Depths
 34920 | Depths:1 | Found a one-way gate leading to the halls of Pandemonium.
 34931 | Depths:1 | Found Padimaud's General Store.
 34961 | Depths:1 | Found a gateway to Hell.
 35123 | Depths:1 | Found a glowing golden altar of the Shining One.
 35136 | Depths:1 | Found a burning altar of Makhleb.
 35919 | Depths:2 | Noticed a hellephant
 35919 | Depths:2 | Noticed a hellephant
 35919 | Depths:2 | Noticed a hellephant
 35920 | Depths:2 | Noticed a hellephant
 35932 | Depths:2 | Killed a hellephant
 35937 | Depths:2 | Killed a hellephant
 35938 | Depths:2 | Reached skill level 27 in Axes
 35984 | Depths:2 | Killed a hellephant
 36236 | Depths:2 | Killed a hellephant
 36344 | Depths:2 | Lost mutation: You have large cloven feet. [Jiyva's grace]
 36344 | Depths:2 | Lost mutation: You are mostly covered in iridescent scales.
                  | (AC +4) [Jiyva's grace]
 36344 | Depths:2 | Lost mutation: You are very agile. (Dex +8, Str/Int -2)
                  | [Jiyva's grace]
 36344 | Depths:2 | Lost mutation: You expend magic power (3 MP) to strengthen
                  | your wands. [Jiyva's grace]
 36344 | Depths:2 | Gained mutation: You expend magic power (3 MP) to
                  | strengthen your wands. [Jiyva's grace]
 36344 | Depths:2 | Gained mutation: Your muscles are strong. (Str +4, Int/Dex
                  | -1) [Jiyva's grace]
 36344 | Depths:2 | Gained mutation: Your muscles are very strong. (Str +8,
                  | Int/Dex -2) [Jiyva's grace]
 36344 | Depths:2 | Gained mutation: Your spells are harder to cast, but more
                  | powerful. [Jiyva's grace]
 36448 | Depths:2 | Reached XP level 20. HP: 210/210 MP: 10/19
 36519 | Depths:2 | Noticed a juggernaut
 36524 | Depths:2 | Killed a juggernaut
 36555 | Depths:2 | Identified the ring of Okawaru's Anger {rF++ rC- MP+9 Str+6
                  | Slay+3}
 36563 | Depths:2 | Found the +8 Vampire's Tooth {vamp}
 36567 | Depths:2 | Identified the +0 chain mail "Jitocel" {rC+ Will+ Int+3}
 36568 | Depths:2 | Got the Almanac of Shapeshifting and the Arsonist
 36568 | Depths:2 | Got Sif Muna's Encyclopedia of the Wayfarer
 37141 | Depths:3 | Noticed a golden dragon
 37150 | Depths:3 | Killed a golden dragon
 37151 | Depths:3 | Reached skill level 5 in Stealth
 37170 | Depths:3 | Noticed a caustic shrike
 37173 | Depths:3 | Killed a caustic shrike
 37276 | Depths:3 | Noticed a caustic shrike
 37283 | Depths:3 | Killed a caustic shrike
 37284 | Depths:3 | Identified the ring "Adwin" {rN+ Dex+6}
 37316 | Depths:3 | Found a one-way gate to the infinite horrors of the Abyss.
 37331 | Depths:3 | Noticed a golden dragon
 37341 | Depths:3 | Killed a golden dragon
 37673 | Depths:3 | Found a one-way gateway to a ziggurat.
 38122 | Depths:4 | Entered Level 4 of the Depths
 38198 | Depths:4 | Reached skill level 27 in Fighting
 38256 | Depths:4 | Found a hide-covered altar of Uskayaw.
 38367 | Depths:4 | Noticed a golden dragon
 38379 | Depths:4 | Killed a golden dragon
 38380 | Depths:4 | Reached skill level 10 in Dodging
 38530 | Depths:4 | Noticed a golden dragon
 38535 | Depths:4 | Killed a golden dragon
 38565 | Depths:4 | Lost mutation: You are partially covered in iridescent
                  | scales. (AC +2) [Jiyva's grace]
 38565 | Depths:4 | Lost mutation: You are agile. (Dex +4, Str/Int -1) [Jiyva's
                  | grace]
 38565 | Depths:4 | Lost mutation: Your muscles are very strong. (Str +8,
                  | Int/Dex -2) [Jiyva's grace]
 38565 | Depths:4 | Lost mutation: You expend magic power (3 MP) to strengthen
                  | your wands. [Jiyva's grace]
 38565 | Depths:4 | Lost mutation: Your movements are less encumbered by
                  | armour. (ER -4) [Jiyva's grace]
 38565 | Depths:4 | Gained mutation: You have a small jelly attached to you
                  | that may absorb projectiles. [Jiyva's grace]
 38565 | Depths:4 | Gained mutation: You have acidic saliva. [Jiyva's grace]
 38565 | Depths:4 | Gained mutation: You have hidden genetic potential.
                  | [Jiyva's grace]
 38565 | Depths:4 | Gained mutation: You have great hidden genetic potential.
                  | [Jiyva's grace]
 38649 | Depths:4 | Reached XP level 21. HP: 149/224 MP: 11/20
 38735 | Depths:4 | Found a gate to the Realm of Zot.
 39501 | Vaults:1 | Entered Level 1 of the Vaults
 40067 | Vaults:1 | Lost mutation: Your spells are harder to cast, but more
                  | powerful. [Jiyva's grace]
 40067 | Vaults:1 | Gained mutation: You expend magic power (3 MP) to
                  | strengthen your wands. [Jiyva's grace]
 40067 | Vaults:1 | Gained mutation: You have sharp toenails. [Jiyva's grace]
 40067 | Vaults:1 | Gained mutation: You have razor-sharp toenails. [Jiyva's
                  | grace]
 40067 | Vaults:1 | Gained mutation: You have claws for feet. [Jiyva's grace]
 40094 | Vaults:1 | You are sucked into a shaft and drop 1 floor!
 40198 | Vaults:2 | Found Jafee's General Store.
 40229 | Vaults:2 | Found Naodghaomp's Weapon Emporium.
 40597 | Vaults:2 | Found a staircase to the Crypt.
 40597 | Vaults:2 | Found a basalt altar of Yredelemnul.
 40598 | Vaults:2 | Found an ancient bone altar of Kikubaaqudgha.
 40806 | Vaults:2 | Found Kouck's General Store.
 40960 | Vaults:1 | Found Gobbadd's Magic Scroll Emporium.
 40960 | Vaults:1 | Found Xetoeddo's Assorted Antiques.
 40987 | Vaults:1 | Found Sopseitz's Jewellery Emporium.
 41524 | Vaults:2 | Found Ilafetum's Magic Scroll Shoppe.
 41524 | Vaults:2 | Found Qaeblopn's General Store.
 42104 | Vaults:3 | Lost mutation: You have a pair of large horns on your head.
                  | [Jiyva's grace]
 42104 | Vaults:3 | Lost mutation: You are covered in fur. (AC +1) [Jiyva's
                  | grace]
 42104 | Vaults:3 | Lost mutation: You have acidic saliva. [Jiyva's grace]
 42104 | Vaults:3 | Gained mutation: You are highly strong-willed. (Will++)
                  | [Jiyva's grace]
 42104 | Vaults:3 | Gained mutation: You are extremely strong-willed. (Will+++)
                  | [Jiyva's grace]
 42104 | Vaults:3 | Gained mutation: You are partially covered in iridescent
                  | scales. (AC +2) [Jiyva's grace]
 42104 | Vaults:3 | Gained mutation: You are mostly covered in iridescent
                  | scales. (AC +4) [Jiyva's grace]
 42190 | Vaults:3 | Gained mutation: You are completely covered in iridescent
                  | scales. (AC +6) [hidden potential]
 42308 | Vaults:3 | Noticed Mennas
 42320 | Vaults:3 | Killed Mennas
 42598 | Vaults:3 | Found Nekkios's Weapon Shop.
 42752 | Vaults:3 | Reached XP level 22. HP: 200/233 MP: 12/21
 42849 | Vaults:3 | Identified the +4 sling of the Reaper {vorpal, rC+++ rN+
                  | Will- Stlth+}
 43069 | Vaults:3 | Found a portal to a secret trove of treasure.
 43516 | Vaults:4 | Lost mutation: You are completely covered in iridescent
                  | scales. (AC +6) [Jiyva's grace]
 43516 | Vaults:4 | Lost mutation: You are extremely strong-willed. (Will+++)
                  | [Jiyva's grace]
 43516 | Vaults:4 | Lost mutation: You have a small jelly attached to you that
                  | may absorb projectiles. [Jiyva's grace]
 43516 | Vaults:4 | Gained mutation: Your muscles are very strong. (Str +8,
                  | Int/Dex -2) [Jiyva's grace]
 43516 | Vaults:4 | Gained mutation: You possess an exceptional clarity of
                  | mind. [Jiyva's grace]
 43516 | Vaults:4 | Gained mutation: You are partially covered in large bone
                  | plates. (SH +4) [Jiyva's grace]
 43516 | Vaults:4 | Gained mutation: You are mostly covered in large bone
                  | plates. (SH +6) [Jiyva's grace]
 43789 | Vaults:4 | Found Igrutaxa's Assorted Antiques.
 44161 | Vaults:5 | Entered Level 5 of the Vaults
 44902 | Vaults:5 | Identified the +1 scimitar of Oferulif {elec, rCorr Str+3
                  | Dex-2}
 45467 | Vaults:5 | Identified the +5 hand axe "Fappuc" {drain, Str+3}
 45562 | Vaults:5 | Reached skill level 27 in Armour
 45900 | Vaults:5 | Reached XP level 23. HP: 240/240 MP: 22/22
 45943 | Vaults:5 | Got the Vademecum on Combative Elsewhere
 45945 | Vaults:5 | Identified the +4 dagger "Leviticus" {vorpal, rElec Int+2
                  | Dex+2}
 46111 | Vaults:5 | Reached skill level 10 in Shields
 46556 | Vaults:5 | Got a silver rune of Zot
 47396 | Zot:1    | Entered Level 1 of the Realm of Zot
 47743 | Zot:1    | Reached skill level 5 in Evocations
 48075 | Zot:1    | Lost mutation: You have claws for feet. [Jiyva's grace]
 48075 | Zot:1    | Lost mutation: You have great hidden genetic potential.
                  | [Jiyva's grace]
 48075 | Zot:1    | Lost mutation: Your movements are slightly less encumbered
                  | by armour. (ER -2) [Jiyva's grace]
 48075 | Zot:1    | Gained mutation: You are agile. (Dex +4, Str/Int -1)
                  | [Jiyva's grace]
 48075 | Zot:1    | Gained mutation: You are very agile. (Dex +8, Str/Int -2)
                  | [Jiyva's grace]
 48075 | Zot:1    | Gained mutation: You are completely covered in iridescent
                  | scales. (AC +6) [Jiyva's grace]
 48075 | Zot:1    | Gained mutation: Your flesh is cold resistant. (rC+)
                  | [Jiyva's grace]
 48318 | Zot:1    | Identified the +8 morningstar of Quick Defiance {freeze,
                  | rElec rC++}
 48334 | Zot:1    | Noticed a curse toe
 48337 | Zot:1    | Killed a curse toe
 49392 | Zot:2    | Noticed a curse toe
 49397 | Zot:2    | Killed a curse toe
 49407 | Zot:2    | Gained mutation: Your flesh is heat resistant. (rF+)
                  | [hidden potential]
 49407 | Zot:2    | Lost mutation: You have hidden genetic potential. [hidden
                  | potential expressed]
 49872 | Zot:2    | Reached skill level 10 in Stealth
 50246 | Zot:3    | Reached skill level 15 in Dodging
 50344 | Zot:3    | Lost mutation: You are completely covered in iridescent
                  | scales. (AC +6) [Jiyva's grace]
 50344 | Zot:3    | Lost mutation: You are mostly covered in large bone plates.
                  | (SH +6) [Jiyva's grace]
 50344 | Zot:3    | Lost mutation: You are highly strong-willed. (Will++)
                  | [Jiyva's grace]
 50344 | Zot:3    | Gained mutation: You are completely covered in iridescent
                  | scales. (AC +6) [Jiyva's grace]
 50344 | Zot:3    | Gained mutation: You have sharp fingernails. [Jiyva's
                  | grace]
 50344 | Zot:3    | Gained mutation: You have very sharp fingernails. [Jiyva's
                  | grace]
 50344 | Zot:3    | Gained mutation: You have claws for hands. [Jiyva's grace]
 50468 | Zot:3    | Identified the +2 hand axe of Losolath {drain, rF++ rC-}
 50497 | Zot:3    | Noticed Dawneret's ghost (master GnFi)
 50526 | Zot:3    | Reached skill level 15 in Shields
 50527 | Zot:3    | Found a bloodstained altar of Trog.
 50536 | Zot:3    | Identified the +2 cloak of the Echidna {+Inv Str+2 Int+4}
 50538 | Zot:3    | Identified the +2 cloak of Temperance {Str+4}
 50542 | Zot:3    | Reached XP level 24. HP: 228/249 MP: 22/22
 50737 | Zot:3    | Found a transporter.
 50740 | Zot:3    | Found a transporter.
 51260 | Zot:4    | Identified the +1 plate armour "Volloll" {Int+2}
 51284 | Zot:4    | Found a large runed translucent door.
 51284 | Zot:4    | Found a large runed translucent door.
 51286 | Zot:4    | Noticed Lobster4's ghost (legendary GrEE)
 52202 | Zot:5    | Entered Level 5 of the Realm of Zot
 52459 | Zot:5    | Noticed an orb of fire
 52470 | Zot:5    | Noticed an orb of fire
 52471 | Zot:5    | Noticed an orb of fire
 52473 | Zot:5    | Killed an orb of fire
 52485 | Zot:5    | Lost mutation: You have razor-sharp toenails. [an orb of
                  | fire]
 52486 | Zot:5    | Noticed an ancient lich
 52486 | Zot:5    | Killed an orb of fire
 52491 | Zot:5    | Noticed an ancient lich
 52491 | Zot:5    | Noticed a Killer Klown
 52492 | Zot:5    | Killed an orb of fire
 52501 | Zot:5    | Noticed a dread lich
 52502 | Zot:5    | Noticed a Killer Klown
 52746 | Zot:5    | Killed a Killer Klown
 53148 | Zot:5    | Killed an ancient lich
 53274 | Zot:5    | Killed a dread lich
 53277 | Zot:5    | Killed an ancient lich
 53604 | Zot:5    | Noticed an orb of fire
 53610 | Zot:5    | Noticed an orb of fire
 53612 | Zot:5    | Noticed a Killer Klown
 53613 | Zot:5    | Noticed a Killer Klown
 53615 | Zot:5    | Killed a Killer Klown
 53622 | Zot:5    | Gained mutation: You are dopey. (Int -2) [an orb of fire]
 53623 | Zot:5    | Killed an orb of fire
 53634 | Zot:5    | Killed from afar by a Killer Klown

Illustrated notes

Levels and vault maps discovered:
D:1:      eino_arrival_tree_alley, layout_loops_ring,
          hellmonk_ecumenical_altar_crossroads
D:2:      minmay_diamond_boxcup, layout_loops_ring, uniq_crazy_yiuf_cottage
D:3:      layout_basic
D:4:      layout_basic, temple_hall, serial_bayou_ford_a
D:5:      layout_gridville, serial_shops, shop_fountains
D:6:      layout_loops_ring
D:7:      layout_rooms, mainiacjoe_overflow_surrounded_room, enter_bailey_3,
          minmay_manual_monolith
D:8:      layout_loops_ring, chequers_serial_rivers_micro_d
D:9:      layout_irregular_city, erik_lair_dragon, grunt_ministairs_14,
          roderic_serpentine_path, uniq_maurice
D:10:     layout_gridville, orc_0_dummy
D:11:     layout_layer_cave, serial_shops, nicolae_shop_statue_plus, uniq_psyche
D:12:     layout_basic, biasface_ghost_orc_armoury, dk_noncrumbling_3,
          minmay_misc_feat_tiny, nicolae_vehumet_altar_sigil
D:13:     layout_small_grid, grunt_vaults_entry_fortified, bloody_makhleb,
          uniq_josephine
D:14:     layout_loops_ring, minmay_misc_feat_ornament,
          nicolae_kikubaaqudgha_miasma_corner
D:15:     gammafunk_depths_entry_grave, layout_rooms,
          hangedman_abyss_or_decor_clamps
Lair:1:   layout_chaotic_city
Lair:2:   layout_loops_ring, minmay_swamp_entry_wisps,
          nicolae_volcano_entry_hallway
Lair:3:   layout_gridlike, nicolae_spider_entry_non_spiders,
          beast_lair_carwin_5, infiniplex_staircase_pool
Lair:4:   layout_hall_layers, slime_entry_1, minivault_23
Lair:5:   grunt_lair_end_beastmaster, layout_cellular_growth
Swamp:1:  layout_falls_marsh, serial_swamp_ruin, evilmike_swamp_ruin_house_5,
          evilmike_swamp_ruin_house_3, hangedman_swamp_ruin_wall,
          nicolae_swamp_round_clearing, swamp_pool5, uniq_donald, uniq_mlioglotl
Swamp:2:  nicolae_swamp_ascending_descending_big, layout_falls_marsh,
          nicolae_swamp_fairy_circle
Swamp:3:  layout_falls_marsh, nicolae_swamp_rocky_clearing, swamp_pool5,
          nicolae_swamp_stair_fork, uniq_bai_suzhen
Swamp:4:  nzn_swamp_witches_coven, layout_basic_swamp, swamp_pool5,
          nicolae_swamp_trees_clearing
Spider:1: layout_spider_delve, hangedman_spider_tarantella_strand
Spider:2: layout_spider_delve, special_room [special_room_bee],
          nicolae_spider_some_kinda_spiderbox, uniq_arachne
Spider:3: layout_spider_delve
Spider:4: johnstein_spider_rune_arachne_lair, uniq_agnes, uniq_louise,
          uniq_roxanne
Slime:1:  layout_caves
Slime:2:  layout_caves
Slime:3:  layout_caves, basic_altar, nicolae_slime_barrier
Slime:4:  layout_caves, uniq_dissolution
Slime:5
Orc:1:    layout_caves, uniq_fannar
Orc:2:    st_orc_mages, layout_diamond_mine, basic_altar, elves_outpost_lemuel
Elf:1:    elf_arrival_002, layout_geoelf_grid, hangedman_elf_disciples,
          feat_on_display
Elf:2:    elven_hall_of_blades_hangedman_alternative
          [infiniplex_blade_entry_pillars], layout_rooms, lemuel_upstairs_altar
Elf:3:    minmay_elf_hall_circle, layout_onion_city, grunt_megastairs_2,
          uniq_nikola
Vaults:1: hangedman_vaults_hard_town_square, hangedman_vaults_hat,
          ontoclasm_vaults_gateway, v_alt_pattern_2,
          nicolae_vaults_little_squares_2, layout_vaults_chaotic_city
Vaults:2: vaults_room_grid, nicolae_vaults_little_squares_1, v_misc_18,
          minmay_crypt_entry_necro_gods, vaults_mumra_minichess,
          v_alt_pattern_6, nicolae_vaults_murderbox, vaults_mumra_hexcomb,
          v_misc_30, nicolae_vaults_network_star, vaults_dpeg_ring,
          layout_vaults_quadrants, serial_shops, shop, shop, shop, shop, shop
Vaults:3: nicolae_vaults_alarming, grunt_vaults_twisty, v_misc_13,
          hangedman_vaults_corner_blocks, nicolae_vaults_network_periphery,
          nicolae_vaults_little_squares_6, nicolae_vaults_little_squares_5,
          nicolae_vaults_windows_and_doors_thing, ontoclasm_vaults_chip,
          layout_vaults_omnicross, nicolae_trove_entry_columns, serial_shops,
          nicolae_shop_bloodbath_and_beyond, uniq_mennas
Vaults:4: nicolae_vaults_little_squares_2, grunt_vaults_hallway_short,
          vaults_standard_mumra_enter_the_diamond,
          nicolae_vaults_hallways_thing, v_misc_1, vaults_dpeg_encased_lava,
          hangedman_vaults_river_flow, ontoclasm_vaults_claustrophobia,
          serial_ice_m, vaults_room_stairs_pillars, grunt_vaults_hallway_long,
          layout_vaults_omnibox, serial_shops, shop
Vaults:5
Depths:1: layout_basic, pf_hell_entry_great_geh, serial_shops, shop,
          rand_demon_pan_entry_3, hangedman_abyss_or_decor_lesser_grid,
          nzn_life_drinkers, firewood_loft
Depths:2: minmay_rotating_shell, layout_basic, grunt_hell_horde,
          rand_demon_pan_entry_9, nrook_uturn
Depths:3: nooodl_heptagram, layout_gridlike, enter_ziggurat_b, abyss_entry,
          pf_hell_entry_tar_river, serial_co_window_serial, co_window_paths_b,
          co_window_corner_a, co_window_corner_a, co_window_paths_a,
          co_window_paths_b, co_window_paths_b, co_window_paths_b,
          co_window_corner_cb, co_window_corner_cb, glass_columns_a,
          glass_columns_c, glass_columns_a
Depths:4: grunt_zot_entry_hairpin, layout_basic, pan_entry, hell_entry,
          nicolae_uskayaw_suspiria, abyss_entry
Zot:1:    kennysheep_room_grid, layout_gridlike, grunt_megastairs_4, uniq_grunn
Zot:2:    layout_onion
Zot:3:    layout_onion_interference, gammafunk_ghost_wrathful_warriors
Zot:4:    layout_gridlike, ebering_ghost_disaster_area
Zot:5:    layout_gridlike

Skill      XL: |  1  2  3  4  5  6  7  8  9 10 11 12 13 14 15 16 17 18 19 20 21 22 23 24 |
---------------+-------------------------------------------------------------------------+-----
Fighting       | 4 5 6 7 8 10 12 14 16 18 20 22 23 25 27 | 27.0
Polearms       | 3 4 5 6 7 9 11 | 11.1
Shields        | 4 5 6 9 15 18 | 18.4
Armour         | 4 5 6 7 9 10 12 14 17 19 20 21 22 25 27 | 27.0
Dodging        | 1 2 3 5 6 7 8 10 12 13 15 16 | 16.3
Stealth        | 1 2 3 4 5 7 8 10 11 | 11.1
Axes           | 3 12 16 18 20 21 22 23 24 25 27 | 27.0
Evocations     | 1 2 3 4 6 8 |  8.3
Throwing       | |  0.8

Action                   |  1- 3 |  4- 6 |  7- 9 | 10-12 | 13-15 | 16-18 | 19-21 | 22-24 || total
-------------------------+-------+-------+-------+-------+-------+-------+-------+-------++-------
Melee: Trident           |    99 |   121 |   265 |       |       |       |       |       ||   485
       Headbutt          |     6 |    14 |    49 |    77 |   155 |   249 |   221 |   225 ||   996
       Battleaxe         |       |       |    45 |   439 |   730 |  1027 |       |       ||  2241
       Executioner's axe |       |       |       |       |       |    65 |   797 |   796 ||  1658
       Bite              |       |       |       |       |       |       |    50 |       ||    50
       Kick              |       |       |       |       |       |       |    93 |   356 ||   449
Throw: Javelin           |       |       |       |     4 |       |       |       |       ||     4
Invok: Slimify           |       |       |       |       |     3 |     2 |       |     2 ||     7
       Oozemancy         |       |       |       |       |     1 |     2 |     2 |    10 ||    15
 Abil: Evoke Blink       |       |       |       |       |       |       |       |     2 ||     2
Evoke: Wand              |       |       |       |     6 |     2 |     5 |     8 |     2 ||    23
       Condenser vane    |       |       |       |     1 |     4 |     4 |     1 |     6 ||    16
       Phantom mirror    |       |       |       |       |     2 |     1 |       |     1 ||     4
       Lightning rod     |       |       |       |       |     3 |     1 |     1 |     2 ||     7
       Box of beasts     |       |       |       |       |       |       |     1 |       ||     1
       Phial of floods   |       |       |       |       |       |       |       |     4 ||     4
  Use: Scroll            |       |       |    12 |    10 |    11 |     8 |     4 |     9 ||    54
       Potion            |       |       |     5 |     2 |    11 |     7 |     3 |     1 ||    29
 Stab: Confused          |       |       |       |     1 |       |     2 |     7 |     9 ||    19
       Distracted        |       |       |       |       |     5 |     1 |       |     1 ||     7
Armor: Scale mail        |    23 |    42 |   186 |   151 |       |       |       |       ||   402
       Plate armour      |       |       |       |   135 |   513 |   985 |   489 |   502 ||  2624
       Skin              |       |       |       |     4 |       |       |       |       ||     4
Dodge: Dodged            |    25 |    47 |   157 |   258 |   348 |   609 |   446 |   536 ||  2426
       Repelled          |       |       |       |       |    10 |    30 |    13 |     3 ||    56
Block: Buckler           |    16 |    23 |    56 |       |       |       |       |       ||    95
       Other             |       |       |       |       |       |       |       |   137 ||   137

Table legend: (Time is in decaauts)
 A = Elapsed time spent in this place.
 B = Non-inter-level travel time spent in this place.
 C = Inter-level travel time spent in this place.
 D = Time resting spent in this place.
 E = Time spent auto-exploring this place.
 F = Levels seen in this place.
 G = Mean time per level.
                   A        B        C        D        E       F      G
               +--------+--------+--------+--------+--------+-----+--------+
         Total |  52908 |  48670 |   4238 |  10415 |  28136 |  52 | 1017.5 |
       Dungeon |  14794 |  13258 |   1536 |   2003 |   8947 |  15 |  986.3 |
          Lair |   4966 |   4541 |    425 |    106 |   3526 |   5 |  993.2 |
         Swamp |   4916 |   4730 |    186 |   2053 |   1833 |   4 | 1229.0 |
   Spider Nest |   4447 |   4294 |    153 |   1710 |   1610 |   4 | 1111.8 |
    Slime Pits |    479 |    418 |     61 |      0 |    222 |   5 |   95.8 |
  Orcish Mines |   1395 |   1196 |    199 |    153 |    715 |   2 |  697.5 |
   Elven Halls |   3257 |   3008 |    249 |    197 |   1880 |   3 | 1085.7 |
        Vaults |   7465 |   6945 |    520 |   1224 |   4398 |   5 | 1493.0 |
        Depths |   5562 |   4750 |    812 |   1179 |   2618 |   4 | 1390.5 |
           Zot |   5623 |   5528 |     95 |   1789 |   2385 |   5 | 1124.6 |
               +--------+--------+--------+--------+--------+-----+--------+

Top non-repeatable levels by time:
Vaults:4: 2065 daAuts
     D:6: 1875 daAuts
Depths:4: 1741 daAuts
Vaults:5: 1702 daAuts
 Swamp:1: 1697 daAuts
Spider:3: 1592 daAuts
Depths:2: 1491 daAuts
     D:9: 1469 daAuts
 Swamp:3: 1413 daAuts
   Zot:5: 1392 daAuts
Spider:4: 1355 daAuts
Vaults:2: 1347 daAuts
   Elf:3: 1337 daAuts
    D:11: 1273 daAuts
   Zot:1: 1219 daAuts
